 Dungeon Crawl Stone Soup version 0.31.0-32-g396128a36d (webtiles) character file.

Game seed: 8072089675375774346

112 hawla the Changeling (level 4, -1/22 HPs)
             Began as a Felid Shapeshifter on Apr 19, 2024.
             Was an Initiate of Makhleb.
             Killed by nerve-wracking pain
             ... invoked by Grinder
              (13 damage)
             ... on level 3 of the Dungeon.
             The game lasted 00:03:52 (1571 turns).

hawla the Changeling (Felid Shapeshifter)           Turns: 1571, Time: 00:03:52

Health: -1/22      AC:  1    Str: 12    XL:     4   Next: 63%
Magic:  5/5        EV: 17    Int: 14    God:    Makhleb [......]
Gold:   135        SH:  0    Dex: 15    Spells: 3/3 levels left
                                        Lives:  0   Deaths: 2

rFire   . .          .
                       - Unarmed
rCold   . . .        (shield unavailable)
rNeg    . . .        (body armour unavailable)
rPois   .            (helmet unavailable)
rElec   .            (cloak unavailable)
rCorr   .            (gloves unavailable)
SInv    +            (boots unavailable)
Will    .....        (no amulet)
Stlth   +            (no ring)
HPRegen 0.23/turn    (no ring)
MPRegen 0.09/turn

%: no passive effects
@: beast-form
A: beast (slay +2), very small, claws 1, fangs 3, see invisible, shaggy fur 1,
stealthy paws, no weapons or thrown items, no armour, multi-lived
a: Begin Untransformation, Renounce Religion


You were on level 3 of the Dungeon.
You worshipped Makhleb.
Makhleb was noncommittal.
You were a hulking beast.
You visited 2 branches of the dungeon, and saw 5 of its levels.

You collected 135 gold pieces.

Inventory:

Talismans
 b - a beast talisman
 c - a flux talisman
Scrolls
 d - a scroll of amnesia
 e - 2 scrolls of identify
Potions
 a - a potion of mutation {unknown}
 i - a potion of attraction {unknown}
 j - a potion of brilliance {unknown}


   Skills:
 - Level 1.3 Fighting
 - Level 3.0 Dodging
 - Level 3.1 Unarmed Combat
 + Level 4.4 Shapeshifting


You had 3 spell levels left.
You didn't know any spells.
Your spell library contained the following spells:

 Spells                   Type           Power      Damage    Failure   Level
 Dazzling Flash           Conj/Hex       0%         N/A       65%         3
 Mephitic Cloud           Conj/Alch/Air  0%         N/A       65%         3
 Curse of Agony           Necr           0%         N/A       100%        5
 Silence                  Hex/Air        0%         N/A       100%        5


Dungeon Overview and Level Annotations

Branches:
Dungeon (4/15)             Temple (1/1) D:4

Altars:
Ashenzari
Cheibriados
Dithmenos
Elyvilon
Fedhas
Gozag
Kikubaaqudgha
Makhleb
Qazlal
Ru
Yredelemnul
The Shining One

Annotations:
D:3 Grinder


Innate Abilities, Weirdness & Mutations

You are a hulking beast.
Your limbs bulge with bestial killing power. (Slay +2)
You have sharp claws.
You have razor-sharp teeth.
You have supernaturally acute eyesight. (SInv)
You are covered in fur. (AC +1)
Your paws help you pounce on unaware monsters.
You are incapable of wielding weapons or throwing items.
You cannot wear armour.
You gain extra lives every three experience levels.


Message History

Things that are here:
4 stones; a +0 dagger An ogre is nearby!
An ogre is nearby!
An ogre is nearby!
An orc comes into view.
It is wielding a +1 short sword of freezing.
The ogre completely misses you.
You scratch the ogre but do no damage. You claw the ogre!
The ogre is moderately wounded.
The ogre hits you with a +0 giant club!
Ouch! That really hurt!
* * * LOW HITPOINT WARNING * * *
You are too injured to fight recklessly!
You are too injured to fight recklessly!
Okay, then.
The ogre attacks as it pursues you!
The ogre hits you with a +0 giant club!!
Ouch! That really hurt!
You die...
Your shape twists and changes as you die.
You rejoin the land of the living...
What level of the Dungeon? (default 4, ? - help)
There is a stone staircase leading up here.
You climb upwards.
Level annotation: Grinder
There is a stone staircase leading down here.
Grinder is nearby!
Grinder gestures at you. Pain shoots through your body!
Ouch! That really hurt!
You are too injured to fight recklessly!
You are too injured to fight recklessly!
You are too injured to fight recklessly!
Grinder barely misses you. Grinder gestures at you.
Pain shoots through your body!
Ouch! That really hurt!
You die...
Grinder says, "Now the real fun starts!"

################ *****
################ .,,,*
#.........###### ..,,*
#.........###### ...,*
#......5..######
....######......h..######
*****
....').)...........>..###
*,,,*
.(..######..........#.###
*,*,* ...,***
##########.#.### *,*,*
..,,,,*
##########.#†#######,*,*
.,,,,,*
##########..........,*,*
,,,,,,*
*##########...#######**,*
,,,,,,*
*....#####...........,,,*
,,,,,,*
*....####..#.########****


You could see Grinder.

Vanquished Creatures
  4 gnolls
  2 ribbon worms
  3 endoplasms
  7 giant cockroaches
  4 goblins
  5 hobgoblins
  4 jackals
  5 quokkas
  7 ball pythons
  7 bats
  4 frilled lizards
  7 kobolds
  6 rats (D:1)
65 creatures vanquished.

Notes
Turn   | Place    | Note
-------+----------+-------------------------------------------
     0 | D:1      | hawla the Felid Shapeshifter began the quest for the Orb.
     0 | D:1      | Reached XP level 1. HP: 10/10 MP: 2/2
    57 | D:1      | Reached XP level 2. HP: 14/14 MP: 3/3
   119 | D:1      | Reached skill level 3 in Shapeshifting
   426 | D:1      | Reached XP level 3. HP: 11/18 MP: 4/4
   463 | D:1      | Found a faded altar of an unknown god.
  1049 | D:2      | Reached XP level 4. HP: 19/19 MP: 5/5
  1049 | D:2      | Gained a life (2 lives remaining)
  1342 | D:3      | Reached skill level 4 in Shapeshifting
  1349 | D:3      | Slain by a gnoll
  1349 | D:3      | Lost a life (1 life remaining)
  1367 | D:3      | Noticed Grinder
  1477 | D:4      | Noticed an ogre
  1480 | D:4      | Found a staircase to the Ecumenical Temple.
  1502 | Temple   | Entered the Ecumenical Temple
  1516 | Temple   | Became a worshipper of Makhleb the Destroyer
  1552 | D:4      | Mangled by an ogre
  1552 | D:4      | Lost a life (0 lives remaining)
  1571 | D:3      | Killed from afar by Grinder

Illustrated notes

Levels and vault maps discovered:
D:1:      lightli_arrival_boilingwater, layout_basic,
          ebering_ecumenical_altar_abandoned, minmay_misc_feat_x,
          minmay_heptomino_h4
D:2:      layout_rooms
D:3:      layout_basic, serial_shops, shop, gammafunk_ghost_mausoleum,
          uniq_grinder
D:4:      layout_loops_corners, minmay_temple_entry_offerings,
          nicolae_concentric_dashed_squares_wild, grunt_tough_drop
Temple:   nicolae_temple_bog_church

Skill      XL: |  1  2  3  4 |
---------------+-------------+-----
Dodging        | 3 |  3.0
Shapeshifting  | 3 4 |  4.4
Fighting       | |  1.3
Unarmed Combat | |  3.1

Action                     |  1- 3 |  4- 6 || total
---------------------------+-------+-------++-------
  Melee: Unarmed           |   103 |    45 ||   148
         Bite              |    15 |     4 ||    19
         Punch             |       |     1 ||     1
    Use: Scroll            |       |     3 ||     3
         Potion            |       |     2 ||     2
   Stab: Sleeping          |     5 |       ||     5
         Held in net/web   |       |     1 ||     1
 Armour: Skin              |    27 |    16 ||    43
  Dodge: Dodged            |    91 |    51 ||   142
